AoeStats
← OmarGutieG

Fortress

507547573Analyzed
2v2 RM · 13d ago on Sep 18, 2026· 35m 19s· 4 players
Game mode
Random Map
Map size
Normal (6 player)
Population
200
Speed
Normal
Resources
Standard
Victory
Conquest
Starting age
Dark Age
Ending age
Imperial Age
RankedLock teamsTeams togetherTeam positionsShared explorationLock speedFull tech treeHidden civsTurbo modeCheats
Victory
Defeat
🇲🇽 Magyars · Mexico
1310
+18
🇲🇽 Britons · Mexico
1290
+19
🇵🇪 Bohemians · Peru
1381
-20
🇨🇦 Spanish · Canada
1314
-17
Jaha
6:56 Feudal Age
10:41 Castle Age
10:17 Horse Collar
12:20 Double-Bit Axe
16:40 Town Watch
18:41 Fervor
20:30 Gold Mining
20:37 Loom
21:38 Wheelbarrow
21:53 Redemption
22:18 Heavy Plow
23:31 Inquisition
25:29 Scale Barding Armor
29:05 Imperial Age
27:13 Husbandry
27:36 Stone Mining
28:54 Bloodlines
29:29 Cavalier
30:39 Forging
31:38 Fortified Wall
32:00 Caravan
33:15 Iron Casting
33:44 Chain Barding Armor
34:39 Chemistry
35:48 Blast Furnace
Keymster
7:09 Loom
8:55 Feudal Age
9:58 Double-Bit Axe
10:21 Horse Collar
13:30 Castle Age
15:20 Bow Saw
20:50 Heavy Plow
24:35 Imperial Age
22:48 Wheelbarrow
23:45 Chemistry
23:07 Town Watch
23:12 Pikeman
23:53 Squires
24:07 Fletching
24:17 Padded Archer Armor
24:20 Scale Mail Armor
24:48 Bodkin Arrow
25:23 Ballistics
24:57 Elite Skirmisher
28:28 Two-Man Saw
27:25 Halberdier
28:05 Squires
28:18 Forging
29:33 Leather Archer Armor
29:45 Siege Engineers
31:32 Bracer
32:02 Ring Archer Armor
31:51 Chain Mail Armor
32:12 Iron Casting
armigame1
7:42 Feudal Age
11:15 Castle Age
9:33 Double-Bit Axe
10:45 Loom
12:00 Horse Collar
24:26 Imperial Age
22:43 Wheelbarrow
22:24 Town Watch
23:42 Scale Barding Armor
23:39 Gold Mining
24:24 Bow Saw
24:14 Heavy Plow
24:29 Bloodlines
24:19 Husbandry
24:37 Light Cavalry
25:42 Chain Barding Armor
26:25 Conscription
25:34 Hussar
30:41 Chemistry
29:31 Cavalier
32:13 Plate Barding Armor
OmarGutieG
7:31 Feudal Age
11:11 Castle Age
11:53 Loom
14:01 Horse Collar
14:15 Double-Bit Axe
15:26 Wheelbarrow
16:00 Heavy Plow
16:51 Bow Saw
20:24 Hand Cart
21:52 Town Watch
22:54 Town Patrol
24:55 Ballistics
25:19 Fletching
25:29 Padded Archer Armor
29:32 Imperial Age
27:34 Bodkin Arrow
27:55 Leather Archer Armor
28:18 Gold Mining
28:19 Stone Mining
29:31 Masonry
29:04 Treadmill Crane
29:37 Elite Longbowman
30:42 Conscription
30:25 Bracer
30:55 Ring Archer Armor
31:29 Chemistry
32:26 Ring Archer Armor
33:16 Architecture
34:11 Yeomen
36:05 Gold Shaft Mining
36:34 Two-Man Saw
Connection lost

Rejoining the realm…

Still unreachable

The connection could not be restored.

Session expired

The server has moved on; the page needs a fresh start.